 Dungeon Crawl Stone Soup version 0.28.0-49-g6dfe1f597d (webtiles) character file.

Game seed: 11521952815764112668

92 enile the Magician (level 4, -3/26 HPs)
             Began as a Deep Elf Fire Elementalist on May 15, 2022.
             Was a Believer of Lugonu.
             Killed by nerve-wracking pain
             ... invoked by a shadow imp
             ... summoned by Natasha
              (13 damage)
             ... on level 2 of the Dungeon.
             The game lasted 00:02:12 (2144 turns).

enile the Magician (Deep Elf Fire Elementalist)     Turns: 2144, Time: 00:02:13

Health: -3/26      AC:  2    Str:  5    XL:     4   Next: 35%
Magic:  8/13       EV: 13    Int: 22    God:    Lugonu [**....]
Gold:   44         SH:  0    Dex: 15    Spells: 7/13 levels left

rFire   . . .      SeeInvis .   h - +2 short sword (vamp)
rCold   . . .      Faith    .   (no shield)
rNeg    . . .      Spirit   .   a - +0 robe
rPois   .          Reflect  .   (no helmet)
rElec   .          Harm     .   (no cloak)
rCorr   .          Rampage  .   (no gloves)
Will    .....                   (no boots)
Stlth   ++........              (no amulet)
HPRegen 0.08/turn               (no ring)
MPRegen 0.13/turn               (no ring)

@: no status effects
A: no striking features
a: Renounce Religion, Depart the Abyss, Bend Space


You were on level 2 of the Dungeon.
You worshipped Lugonu.
Lugonu was pleased with you.
You visited 1 branch of the dungeon, and saw 2 of its levels.

You collected 44 gold pieces.

Inventory:

Hand Weapons
 g - a +0 dagger
 h - a +2 vampiric short sword (weapon)
Missiles
 i - a throwing net
Armour
 a - a +0 robe (worn)
Scrolls
 b - 4 scrolls of identify {unknown}
 c - a scroll of teleportation {unknown}
 d - a scroll of noise {unknown}
 f - 2 scrolls of amnesia {unknown}
 k - a scroll of fear {unknown}
Potions
 e - a potion of might {unknown}
 j - a potion of brilliance {unknown}
 l - a potion of curing {unknown}


   Skills:
 + Level 1.9 Fighting
 - Level 3.0 Dodging
 - Level 2.4 Stealth
 - Level 5.0 Spellcasting
 - Level 1.1 Conjurations
 - Level 3.2 Fire Magic


You had 7 spell levels left.
You knew the following spells:

 Your Spells              Type           Power      Damage    Failure   Level
a - Foxfire               Conj/Fire      60%        2x1d7     4%          1
b - Scorch                Fire           38%        2d6       4%          2
c - Inner Flame           Hex/Fire       12%        N/A       16%         3

Your spell library contained the following spells:

 Spells                   Type           Power      Damage    Failure   Level
 Conjure Flame            Conj/Fire      15%        6-21      12%         3
 Flame Wave               Conj/Fire      15%        2d6       38%         4


Dungeon Overview and Level Annotations

Branches:
Dungeon (2/15)

Altars:
Lugonu

Shops:
D:2 (=[

Annotations:
D:2 Natasha


Message History

Natasha is nearby!
Casting: Foxfire (safe; 4% risk of failure)
Confirm with . or Enter, or press ? or * to list all spells.
You conjure some foxfire!
Natasha hisses angrily.
Natasha stares at you and mumbles some strange words.
The magic dart hits you!
The foxfire hits Natasha.
Natasha is lightly wounded.
The foxfire hits Natasha.
Natasha is moderately wounded.
Natasha is nearby!
Casting: Foxfire (safe; 4% risk of failure)
Confirm with . or Enter, or press ? or * to list all spells.
You conjure some foxfire!
The foxfire hits Natasha.
Natasha is heavily wounded.
The foxfire hits Natasha!
Natasha is almost dead.
Natasha mumbles some strange words.
There are monsters nearby!
Casting: Foxfire (safe; 4% risk of failure)
Confirm with . or Enter, or press ? or * to list all spells.
Flames lash the shadow imp.
The shadow imp is almost dead.
The shadow imp's fire resistance burns away.
The shadow imp barely misses you.
Natasha mewls in sadness.
Natasha casts a spell.
The shadow imp hits you.
There are monsters nearby!
Casting: Scorch (safe; 4% risk of failure)
Confirm with . or Enter, or press ? or * to list all spells.
Flames lash the crimson imp.
The crimson imp completely resists.
Natasha casts a spell at you. The magic dart hits you.
The shadow imp gestures at you. Pain shoots through your body!
Ouch! That really hurt!
You die...

#.####.........##
##....#.........#. #.
#...#.##........#. .. #.
#...#(..........#.
...####.####...####......).#.
...........##......'.......##.
#.............##....###.....#.##.
#.............###÷..# #.......##.
..............5@...# #.......##.
###............#.5..# #.......##.
...............#h...# #######.##.
...............#.)..#########.##.
...............#.................
.......∩............###..####....
...................## #..########
....................# #.....#
###............###..###.....#


You could see Natasha, a crimson imp (summoned) and a shadow imp (summoned,
combustible).

Vanquished Creatures
  Natasha (D:2)
  2 adders (D:2)
  A dart slug (D:1)
  2 endoplasms (D:1)
  2 giant cockroaches (D:1)
  3 hobgoblins
  8 jackals (D:1)
  3 quokkas
  5 ball pythons
  3 bats (D:1)
  A frilled lizard (D:2)
  6 goblins
  2 kobolds
  5 rats
44 creatures vanquished.

Vanquished Creatures (others)
  135 foxfires
135 creatures vanquished.

Grand Total: 179 creatures vanquished

Notes
Turn   | Place    | Note
-------+----------+-------------------------------------------
     0 | D:1      | enile the Deep Elf Fire Elementalist began the quest for
                  | the Orb.
     0 | D:1      | Reached XP level 1. HP: 10/10 MP: 6/6
   343 | D:1      | Reached skill level 4 in Spellcasting
   343 | D:1      | Reached XP level 2. HP: 15/15 MP: 5/9
  1076 | D:1      | Reached XP level 3. HP: 19/19 MP: 8/11
  1080 | D:1      | Reached skill level 5 in Spellcasting
  1381 | D:1      | Found a faded altar of an unknown god.
  1393 | D:1      | Prayed at the altar of an unknown god.
  1393 | D:1      | Became a worshipper of Lugonu the Unformed
  1393 | D:1      | Reached * piety under Lugonu
  1393 | D:1      | Reached ** piety under Lugonu
  1644 | D:2      | Noticed Natasha
  1650 | D:2      | Killed Natasha
  1651 | D:2      | Reached skill level 1 in Fighting
  1654 | D:2      | Learned a level 2 spell: Scorch
  1658 | D:2      | Learned a level 3 spell: Inner Flame
  1733 | D:2      | Reached XP level 4. HP: 25/25 MP: 7/13
  1940 | D:2      | Found Setzoume's Antique Weapon Shoppe.
  1943 | D:2      | Found Kywatuit's Jewellery Emporium.
  2051 | D:2      | Found Lofes's Antique Armour Shoppe.
  2137 | D:2      | Noticed Natasha
  2144 | D:2      | Killed from afar by a shadow imp

Illustrated notes

Levels and vault maps discovered:
D:1:      dpeg_arrival_tiny_a, layout_loops_ring,
          shapermc_ecumenical_altar_mp_vishouse, minmay_vboxes
D:2:      layout_basic, serial_shops, shop_statue, shop, shop,
          nicolae_shop_hallway_plus, uniq_natasha

Skill      XL: |  1  2  3 |
---------------+----------+-----
Spellcasting   | 4 5 |  5.0
Dodging        | 3 |  3.0
Fighting       | 1 |  1.9
Stealth        | |  2.4
Conjurations   | |  1.1
Fire Magic     | |  3.2

Action                   |  1- 3 |  4- 6 || total
-------------------------+-------+-------++-------
Melee: Dagger            |     8 |       ||     8
       Short sword       |     3 |       ||     3
 Cast: Foxfire           |    70 |    17 ||    87
       Scorch            |     2 |     2 ||     4
 Stab: Sleeping          |     1 |       ||     1
Armor: Robe              |     1 |       ||     1
Dodge: Dodged            |    20 |     1 ||    21
